 Dungeon Crawl Stone Soup version 0.28.0-53-g5a82cb258f (webtiles) character file.

Game seed: 8812742038414302814

217 DemonSlayer the Firebug (level 5, -7/54 HPs)
             Began as a Demonspawn Fire Elementalist on Aug 23, 2022.
             Was a Follower of Cheibriados.
             Killed by nerve-wracking pain
             ... invoked by Grinder
              (10 damage)
             ... on level 3 of the Dungeon.
             The game lasted 00:07:59 (5164 turns).

DemonSlayer the Firebug (DsFE)                      Turns: 5164, Time: 00:08:00

Health: -7/54      AC:  2    Str: 17    XL:     5   Next: 61%
Magic:  2/9        EV: 13    Int: 28    God:    Cheibriados [*.....]
Gold:   206        SH:  0    Dex: 16    Spells: 4/10 levels left

rFire   . . .      SeeInvis .   n - +2 falchion (vorpal)
rCold   . . .      Faith    .   (no shield)
rNeg    . . .      Spirit   .   a - +0 robe
rPois   .          Reflect  .   (no helmet)
rElec   .          Harm     .   (no cloak)
rCorr   .          Rampage  .   (no gloves)
Will    .....                   (no boots)
Stlth   ..........              (no amulet)
HPRegen 0.18/turn               h - +6 ring of intelligence
MPRegen 0.11/turn               j - +6 ring of strength

@: berserking (expiring), very slow
A: hooves 1
a: Renounce Religion, Bend Time


You were on level 3 of the Dungeon.
You worshipped Cheibriados.
Cheibriados was aware of your devotion.
You visited 2 branches of the dungeon, and saw 5 of its levels.

You collected 206 gold pieces.

Inventory:

Hand Weapons
 n - a +2 vorpal falchion (weapon)
Armour
 a - a +0 robe (worn)
Jewellery
 h - a +6 ring of intelligence (left hand)
 j - a +6 ring of strength (right hand)
Scrolls
 b - 2 scrolls of vulnerability {unknown}
 c - 3 scrolls of identify {unknown}
 d - 2 scrolls of silence {unknown}
 e - a scroll of magic mapping {unknown}
 g - 2 scrolls of noise {unknown}
 k - a scroll of fear {unknown}
 o - 2 scrolls of enchant armour {unknown}
Potions
 f - 4 potions of berserk rage
 i - a potion of ambrosia {unknown}
 l - a potion of haste {unknown}
 m - a potion of might {unknown}
 p - a potion of mutation {unknown}


   Skills:
 + Level 0.7 Fighting
 + Level 0.1 Axes
 + Level 2.8 Dodging
 + Level 1.9 Stealth
 + Level 0.1 Unarmed Combat
 + Level 3.2 Spellcasting
 + Level 2.4 Conjurations
 + Level 3.8 Fire Magic


You had 4 spell levels left.
You knew the following spells:

 Your Spells              Type           Power      Damage    Failure   Level
a - Foxfire               Conj/Fire      84%        2x1d8     2%          1
b - Scorch                Fire           50%        2d8       2%          2
c - Conjure Flame         Conj/Fire      21%        6-21      7%          3

Your spell library contained the following spells:

 Spells                   Type           Power      Damage    Failure   Level
 Animate Skeleton         Necr           8%         N/A       9%          1
 Apportation              Tloc           8%         N/A       9%          1
 Summon Small Mammal      Summ           16%        N/A       9%          1
 Inner Flame              Hex/Fire       15%        N/A       11%         3
 Flame Wave               Conj/Fire      21%        2d7       22%         4
 Tukima's Dance           Hex            4%         N/A       24%         3
 Passage of Golubria      Tloc           4%         N/A       63%         4
 Yara's Violent Unravell  Hex/Tmut       2%         3d3       92%         5


Dungeon Overview and Level Annotations

Branches:
Dungeon (4/15)             Temple (1/1) D:4

Altars:
Cheibriados
Elyvilon
Fedhas
Hepliaklqana
Nemelex Xobeh
Okawaru
Trog
Uskayaw
Vehumet
Wu Jian
Yredelemnul
Zin
The Shining One

Annotations:
D:3 Grinder


Innate Abilities, Weirdness & Mutations

You have large cloven feet.


Message History

You barely miss Grinder.
Grinder is lightly wounded.
Grinder barely misses you.
You slash Grinder!
Grinder is moderately wounded.
Grinder hits you but does no damage.
You hit Grinder. You kick Grinder.
Grinder is heavily wounded.
Grinder is no longer more vulnerable to fire.
Grinder gestures at you. Pain shoots through your body!
You barely miss Grinder. You kick Grinder, but do no damage.
Grinder is heavily wounded.
Grinder hits you.
You writhe in agony.
Grinder hits you.
* * * LOW HITPOINT WARNING * * *
You writhe in agony.
* * * LOW HITPOINT WARNING * * *
It was a potion of berserk rage.
A red film seems to cover your vision as you go berserk!
Cheibriados protects you from inadvertent hurry.
You feel mighty! Grinder hits you.
* * * LOW HITPOINT WARNING * * *
You writhe in agony.
* * * LOW HITPOINT WARNING * * *
You slash Grinder! Your kick misses Grinder.
Grinder is severely wounded.
Grinder hits you but does no damage.
You closely miss Grinder.
Grinder is severely wounded.
Grinder gestures at you. Pain shoots through your body!
* * * LOW HITPOINT WARNING * * *
You barely miss Grinder. Your kick misses Grinder.
Grinder is severely wounded.
Grinder closely misses you. Grinder barely misses you.
You slash Grinder! Your kick misses Grinder.
Grinder is almost dead.
Grinder gestures at you. Pain shoots through your body!
You die...

###. .... ##..
...# ...#### ###
..##.. ..# ..##.#
#†# #.##.# #5#
#.##.# #@#
####.##.########.#
...............#.#
####.......###.#.#
####>##.# #.#.#
#.##÷# #.#.#
#.##.# #.#.#
#.##)###...#
#..........#


You could see Grinder.

Vanquished Creatures
  Jessica (D:4)
  Natasha (twice) (D:3)
  An orc wizard (D:4)
  3 adders
  2 worms (D:3)
  2 dart slugs
  11 orcs
  4 endoplasms
  2 giant cockroaches
  3 goblins
  6 hobgoblins
  10 jackals
  A quokka (D:1)
  6 ball pythons
  5 bats
  2 kobolds
  8 rats
69 creatures vanquished.

Vanquished Creatures (others)
  169 foxfires
169 creatures vanquished.

Grand Total: 238 creatures vanquished

Notes
Turn   | Place    | Note
-------+----------+-------------------------------------------
     0 | D:1      | DemonSlayer the Demonspawn Fire Elementalist began the
                  | quest for the Orb.
     0 | D:1      | Reached XP level 1. HP: 13/13 MP: 3/3
   558 | D:1      | Gained mutation: You have large cloven feet. [demonic
                  | ancestry]
   558 | D:1      | Reached XP level 2. HP: 19/19 MP: 1/5
   829 | D:1      | Learned a level 2 spell: Scorch
  1727 | D:2      | Found a faded altar of an unknown god.
  1733 | D:2      | Reached XP level 3. HP: 24/24 MP: 0/6
  2069 | D:2      | HP: 1/24 [jackal (2)]
  2461 | D:2      | You fall into a shaft and drop 1 floor!
  2461 | D:3      | Noticed a +0 dagger
  2461 | D:3      | Noticed a +0 dagger
  2461 | D:3      | Noticed Natasha
  2461 | D:3      | Noticed Jessica
  2461 | D:3      | Found a hide-covered altar of Uskayaw.
  2471 | D:4      | Found a staircase to the Ecumenical Temple.
  2478 | D:4      | Killed Jessica
  2479 | D:4      | Reached XP level 4. HP: 24/31 MP: 3/8
  2604 | Temple   | Entered the Ecumenical Temple
  2642 | Temple   | Became a worshipper of Cheibriados the Contemplative
  3362 | Temple   | Learned a level 3 spell: Conjure Flame
  3511 | D:4      | Found a radiant altar of Vehumet.
  4124 | D:4      | Found an iron altar of Okawaru.
  4244 | D:3      | Killed Natasha
  4245 | D:3      | Reached XP level 5. HP: 36/36 MP: 2/9
  4268 | D:3      | Reached * piety under Cheibriados
  4892 | D:3      | Noticed Natasha
  4909 | D:3      | Killed Natasha
  5147 | D:3      | Noticed Grinder
  5164 | D:3      | Killed from afar by Grinder

Illustrated notes

Levels and vault maps discovered:
D:1:      grunt_arrival_crossed_arrows, layout_loops_corners
D:2:      layout_loops_corners, basic_altar, dreamdust_ecumenical_altar_grove
D:3:      layout_loops_ring, dancing_weapons_uskayaw, uniq_grinder,
          uniq_natasha, uniq_jessica
D:4:      layout_cave_pools, mainiacjoe_overflow_boulevard,
          lemuel_coloured_pillars_altar, minmay_temple_entry_metal_lava,
          chequers_serial_rivers_micro_b
Temple:   cyrus_temple_forest

Skill      XL: |  1  2  3  4 |
---------------+-------------+-----
Dodging        | 2 |  2.8
Fire Magic     | 3 |  3.8
Conjurations   | 2 |  2.4
Spellcasting   | 3 |  3.2
Fighting       | |  0.7
Axes           | |  0.1
Stealth        | |  1.9
Unarmed Combat | |  0.1

Action                   |  1- 3 |  4- 6 || total
-------------------------+-------+-------++-------
Melee: Unarmed           |    59 |     5 ||    64
       Kick              |    11 |     7 ||    18
       Hand axe          |       |     6 ||     6
       Punch             |       |     1 ||     1
       Falchion          |       |    17 ||    17
 Cast: Foxfire           |    80 |    30 ||   110
       Scorch            |       |    34 ||    34
  Use: Potion            |     2 |     1 ||     3
 Stab: Sleeping          |     1 |     1 ||     2
Armor: Robe              |    21 |     6 ||    27
Dodge: Dodged            |    77 |    30 ||   107
